 Dungeon Crawl Stone Soup version 0.29.1-2-gbd0b4ee654 (webtiles) character file.

Game seed: 12629655748620307184

36 raph the Poker (level 3, 0/27 HPs)
             Began as a Merfolk Gladiator on Nov 5, 2022.
             Was an Initiate of Vehumet.
             Slain by a gnoll
             ... wielding a +0 mace
              (6 damage)
             ... on level 2 of the Dungeon.
             The game lasted 00:01:41 (1682 turns).

raph the Poker (Merfolk Gladiator)                  Turns: 1682, Time: 00:01:42

Health: 0/27       AC:  7    Str: 14    XL:     3   Next: 37%
Magic:  3/3        EV: 13    Int:  9    God:    Vehumet [......]
Gold:   74         SH:  5    Dex: 15    Spells: 2/2 levels left

rFire   . . .      SeeInvis .   a - +0 trident
rCold   . . .      Faith    .   (no shield)
rNeg    . . .      Spirit   .   b - +0 leather armour
rPois   .          Reflect  +   c - +0 helmet
rElec   .          Harm     .   l - +0 cloak
rCorr   .          Rampage  .   i - +1 pair of gloves
Will    .....                   (no boots)
Stlth   +.........              m - amulet of reflection
HPRegen 0.09/turn               (no ring)
MPRegen 0.08/turn               (no ring)

@: no status effects
A: (nimble swimmer 2), mertail
a: Renounce Religion


You were on level 2 of the Dungeon.
You worshipped Vehumet.
Vehumet was noncommittal.
You visited 1 branch of the dungeon, and saw 3 of its levels.

You collected 74 gold pieces.

Inventory:

Hand Weapons
 a - a +0 trident (weapon)
Missiles
 d - 3 throwing nets (quivered)
 e - a javelin
Armour
 b - a +0 leather armour (worn)
 c - a +0 helmet (worn)
 i - a +1 pair of gloves (worn)
 l - a +0 cloak (worn)
Jewellery
 m - an amulet of reflection (around neck)
Scrolls
 j - 2 scrolls of teleportation {unknown}
 k - 2 scrolls of poison {unknown}
Potions
 f - a potion of ambrosia {unknown}
 g - a potion of mutation {unknown}
 h - a potion of haste {unknown}


   Skills:
 - Level 2.1 Fighting
 + Level 5.8 Polearms
 - Level 2.0 Throwing
 - Level 4.0 Dodging


You had 2 spell levels left.
You didn't know any spells.
Your spell library contained the following spells:

 Spells                   Type           Power      Damage    Failure   Level
 Ozocubu's Armour         Ice            0%         N/A       83%         3
 Metabolic Englaciation   Hex/Ice        0%         N/A       100%        5
 Simulacrum               Ice/Necr       0%         N/A       100%        6


Dungeon Overview and Level Annotations

Branches:
Dungeon (3/15)

Altars:
Vehumet


Innate Abilities, Weirdness & Mutations

((You are very nimble when in or above water. (Stealth+, EV+, Speed+++)))
Your lower body shifts to a powerful aquatic tail in water.


Message History

The endoplasm is severely wounded.
The endoplasm hits you but does no damage.
You hit the endoplasm.
The endoplasm is almost dead.
The endoplasm freezes you.
You are frozen.
You hit the endoplasm.
You kill the endoplasm!
Vehumet accepts your kill.
HP restored.
Found an escape hatch in the ceiling.
A gnoll comes into view. It is wielding a +0 flail.
A gnoll comes into view. It is wielding a +0 mace.
The gnoll shouts!
You hear a shout! x2; You hear an angry hiss.
A gnoll comes into view. It is wielding a +0 flail.
The gnoll shouts!
A ball python comes into view.
You hit the gnoll.
The gnoll is lightly wounded.
The gnoll closely misses you.
You barely miss the gnoll.
The gnoll is lightly wounded.
The gnoll hits you with a +0 flail! The gnoll hits you with a +0 mace!
You are too injured to fight recklessly!
You are too injured to fight recklessly!
You are too injured to fight recklessly!
You are too injured to fight recklessly!
The gnoll attacks as you move away! The gnoll hits you with a +0 flail.
The gnoll attacks as you move away! The gnoll barely misses you.
There is an escape hatch in the ceiling here.
You block the gnoll's attack. A mysterious force pulls you upwards.
The hatch slams shut behind you.
You are too injured to fight recklessly!
You closely miss the gnoll. The gnoll hits you with a +0 mace.
* * * LOW HITPOINT WARNING * * *
You closely miss the gnoll. The gnoll misses you.
You hit the gnoll.
The gnoll is lightly wounded.
The gnoll hits you with a +0 mace.
You die...

#.......#######..<.......#
#...............######.#.#
#...............# #...#..
#....#......###.####.####.
######.......##...........
#..._................
#....................
#.......############.
#...@g### ## #...<.# #
#######


You could see a gnoll.

Vanquished Creatures
  3 orcs (D:3)
  4 endoplasms
  3 giant cockroaches
  3 goblins
  3 hobgoblins
  5 kobolds
  A quokka (D:2)
  2 bats
  5 frilled lizards
  A rat (D:1)
30 creatures vanquished.

Notes
Turn   | Place    | Note
-------+----------+-------------------------------------------
     0 | D:1      | raph the Merfolk Gladiator began the quest for the Orb.
     0 | D:1      | Reached XP level 1. HP: 16/16 MP: 1/1
   196 | D:1      | Reached XP level 2. HP: 22/22 MP: 2/2
   292 | D:1      | Found a faded altar of an unknown god.
   839 | D:2      | Found a radiant altar of Vehumet.
   856 | D:2      | Reached skill level 5 in Polearms
   988 | D:2      | Became a worshipper of Vehumet
  1025 | D:2      | Reached XP level 3. HP: 27/27 MP: 3/3
  1682 | D:2      | Slain by a gnoll

Illustrated notes

Levels and vault maps discovered:
D:1:      giann_forest_graveyard, layout_loops_ring,
          shapermc_ecumenical_altar_mp_vishouse
D:2:      layout_rooms, basic_altar
D:3:      layout_rooms, mainiacjoe_overflow_brackets

Skill      XL: |  1  2 |
---------------+-------+-----
Polearms       | 5 |  5.8
Fighting       | |  2.1
Throwing       | |  2.0
Dodging        | |  4.0

Action                   || total
-------------------------++-------
Melee: Trident           ||    95
       Punch             ||     1
 Stab: Sleeping          ||     2
Armor: Leather armour    ||    19
Dodge: Dodged            ||    46
Block: Other             ||     4
